 Dungeon Crawl Stone Soup version 0.30-a0-1103-g25895a7845 (webtiles) character file.

Game seed: 15603046309217329152

263 gelatine the Digger (level 5, -1/37 HPs)
             Began as a Demonspawn Earth Elementalist on Apr 19, 2023.
             Slain by an orc warrior
             ... wielding a +0 battleaxe
              (20 damage)
             ... on level 6 of the Dungeon.
             The game lasted 00:08:41 (2704 turns).

gelatine the Digger (Demonspawn Earth Elementalist) Turns: 2704, Time: 00:08:42

Health: -1/37      AC:  7    Str:  8    XL:     5   Next: 98%
Magic:  4/10       EV: 12    Int: 18    God:
Gold:   100        SH:  0    Dex: 14    Spells: 5/11 levels left

rFire   . . .      SeeInvis .    f - +2 dagger (drain)
rCold   . . .      Faith    .    (no shield)
rNeg    . . .      Spirit   .    l - +0 troll leather armour
rPois   .          Reflect  .    g - +0 helmet
rElec   .          Rampage  .    (no cloak)
rCorr   .                        a - +1 pair of gloves
Will    .....                    (no boots)
Stlth   ++                       s - amulet of the acrobat
HPRegen 1.06/turn                (no ring)
MPRegen 0.12/turn                (no ring)

@: no status effects
A: hooves 1, demonic guardian 1
a: no special abilities


You were on level 6 of the Dungeon.
You visited 1 branch of the dungeon, and saw 4 of its levels.

You collected 120 gold pieces.
You spent 20 gold pieces at shops.

Inventory:

Hand Weapons
 f - a +2 dagger of draining (weapon)
 n - a +2 dagger of venom
Armour
 a - a +1 pair of gloves (worn)
 g - a +0 helmet (worn)
 l - a +0 troll leather armour (worn)
Jewellery
 s - an amulet of the acrobat (around neck)
Scrolls
 d - 2 scrolls of butterflies {unknown}
 h - 2 scrolls of vulnerability {unknown}
 m - 2 scrolls of teleportation {unknown}
 p - a scroll of poison {unknown}
 r - a scroll of identify
 t - a scroll of magic mapping {unknown}
 u - a scroll of amnesia {unknown}
Potions
 b - a potion of magic
 c - a potion of heal wounds
 e - 3 potions of haste {unknown}
 i - 3 potions of might {unknown}
 j - a potion of invisibility
 k - 2 potions of curing {unknown}
 o - a potion of attraction {unknown}
 q - a potion of cancellation {unknown}
 v - a potion of resistance {unknown}


   Skills:
 * Level 1.4 Fighting
 * Level 0.3 Short Blades
 * Level 0.5 Armour
 * Level 2.5 Dodging
 * Level 2.3 Stealth
 + Level 0.1 Unarmed Combat
 * Level 3.5 Spellcasting
 * Level 0.6 Conjurations
 * Level 1.1 Transmutations
 * Level 4.0 Earth Magic


You had 5 spell levels left.
You knew the following spells:

 Your Spells              Type           Power      Damage    Failure   Level
a - Sandblast             Erth           34%        2d9       4%          1
b - Passwall              Tmut/Erth      10%        N/A       12%         2
c - Stone Arrow           Conj/Erth      22%        3d8       26%         3

Your spell library contained the following spells:

 Spells                   Type           Power      Damage    Failure   Level
 Inner Flame              Hex/Fire       3%         N/A       54%         3
 Petrify                  Tmut/Erth      12%        N/A       58%         4
 Yara's Violent Unravell  Hex/Tmut       2%         3d3       99%         5
 Enfeeble                 Hex            1%         N/A       100%        7


Dungeon Overview and Level Annotations

Branches:
Dungeon (3/15)

Altars:

Shops:
D:1 ?


Innate Abilities, Weirdness & Mutations

You have large cloven feet.
A weak demonic guardian rushes to your aid.


Message History

The orc shouts!
You hear a shout!
You hear an angry growl.
An orc warrior comes into view. It is wielding a +0 battleaxe.
The blast of sand misses the orc.
The blast of sand hits the orc!
You kill the orc!
An orc comes into view. It is wielding a +0 hand axe.
The blast of sand hits the orc!
You kill the orc!
The blast of sand misses the orc warrior.
The blast of sand hits the orc warrior.
The orc warrior is lightly wounded.
The orc warrior barely misses you.
The blast of sand hits the orc warrior but does no damage.
The orc warrior is lightly wounded.
An orc comes into view. It is wielding a +0 short sword.
The orc warrior hits you with a +0 battleaxe!
A demonic guardian appears!
The orc warrior misses you.
The orc warrior attacks as you move away!
The orc warrior hits you with a +0 battleaxe!
* * * LOW HITPOINT WARNING * * *
Your shadow imp hits the orc warrior but does no damage.
The orc complains loudly.
Your shadow imp hits the orc warrior but does no damage.
Your shadow imp hits the orc warrior but does no damage.
You closely miss the orc. The orc hits you with a +0 hand axe.
* * * LOW HITPOINT WARNING * * *
Your shadow imp hits the orc warrior but does no damage.
You hit the orc.
The orc is severely wounded.
The orc misses something.
A hornet zombie comes into view.
Casting: Sandblast (safe; 4% risk of failure)
Confirm with . or Enter, or press ? or * to list all spells.
Aiming: Passwall (safe; 12% risk of failure)
Press: ? - help, Dir - move target, p - orc warrior A rock wall.
You begin to meditate on the wall.
You continue meditating on the rock.
The orc warrior hits you with a +0 battleaxe!!
Ouch! That really hurt!
You die...

♣♣#####....##~≈~♣.≈
#.......~~~♣~~~
♣###.##......♣.~.≈
♣.........##.#.~≈.
♣♣...o...#.#.~....≈
.♣♣....5...#.#~..♣#~~~ ..
.♣......o.........~~..~~
..♣......Z.o#.......#...~~.
......#####@......~~~....~.
.....# #######..~~..≈~~.
##....# #####.............#
#.....###.....#..........>
#.........## #........###
#......#######.#......#
#......#.......#......+
##.#.........##........#
#####...........†...######.#


You could see an orc warrior, 2 orcs, a hornet zombie and a friendly shadow imp
(summoned).

Vanquished Creatures
  A black bear (D:6)
  Jessica (D:3)
  A killer bee zombie (D:6)
  A howler monkey zombie (D:6)
  5 adders
  A worm (D:2)
  A dart slug (D:3)
  4 orcs
  4 endoplasms
  6 giant cockroaches
  A goblin (D:1)
  6 hobgoblins
  4 jackals
  3 kobolds (D:2)
  3 ball pythons
  5 bats
  7 frilled lizards
  2 rats (D:1)
56 creatures vanquished.

Vanquished Creatures (collateral kills)
  A worm (D:2)
  A jackal (D:1)
2 creatures vanquished.

Vanquished Creatures (others)
  A demonic plant (D:2)
  2 plants (D:2)
  2 withered plants (D:2)
5 creatures vanquished.

Grand Total: 63 creatures vanquished

Notes
Turn   | Place    | Note
-------+----------+-------------------------------------------
     0 | D:1      | gelatine the Demonspawn Earth Elementalist began the quest
                  | for the Orb.
     0 | D:1      | Reached XP level 1. HP: 13/13 MP: 3/3
   297 | D:1      | Reached skill level 3 in Earth Magic
   338 | D:1      | Found Azeuf's Magic Scroll Boutique.
   465 | D:1      | Gained mutation: A weak demonic guardian rushes to your
                  | aid. [demonic ancestry]
   465 | D:1      | Reached XP level 2. HP: 19/19 MP: 5/5
  1016 | D:1      | Bought a scroll of identify for 20 gold pieces
  1111 | D:2      | Found a faded altar of an unknown god.
  1137 | D:2      | Gained mutation: You have large cloven feet. [demonic
                  | ancestry]
  1137 | D:2      | Reached XP level 3. HP: 24/24 MP: 2/7
  1906 | D:2      | Reached XP level 4. HP: 31/31 MP: 4/8
  2210 | D:3      | Noticed Jessica
  2211 | D:3      | Killed Jessica
  2212 | D:3      | Reached skill level 1 in Fighting
  2467 | D:3      | You fall into a shaft and drop 3 floors!
  2471 | D:6      | Learned a level 2 spell: Passwall
  2475 | D:6      | Learned a level 3 spell: Stone Arrow
  2491 | D:6      | Reached XP level 5. HP: 37/37 MP: 5/9
  2572 | D:6      | Noticed a black bear
  2581 | D:6      | Killed a black bear
  2582 | D:6      | Reached skill level 1 in Transmutations
  2582 | D:6      | Reached skill level 4 in Earth Magic
  2685 | D:6      | Noticed an orc warrior
  2704 | D:6      | Slain by an orc warrior

Illustrated notes

Levels and vault maps discovered:
D:1:      erik_arrival_cave_to_civilisation [erik_arrival_cave_to_hall],
          layout_loops_ring, serial_shops, shop, minmay_misc_feat_secret_circle
D:2:      layout_loops_ring, shapermc_ecumenical_altar_gd
D:3:      layout_basic, minmay_fractal_squares_diagonal_5, uniq_terence,
          uniq_jessica, uniq_robin
D:6:      layout_rooms, okawaru_ov_weapons_minmay,
          nicolae_yredelemnul_corpse_copse, supply_closet_lemuel,
          chequers_serial_rivers_marsh, chequers_serial_rivers_marsh,
          st_stairs_14, minmay_between

Skill      XL: |  1  2  3  4  5 |
---------------+----------------+-----
Earth Magic    | 3 4 |  4.0
Dodging        | 2 |  2.5
Stealth        | 2 |  2.3
Spellcasting   | 3 |  3.5
Fighting       | 1 |  1.4
Transmutations | 1 |  1.1
Short Blades   | |  0.3
Armour         | |  0.5
Unarmed Combat | |  0.1
Conjurations   | |  0.6

Action                     |  1- 3 |  4- 6 || total
---------------------------+-------+-------++-------
  Melee: Unarmed           |    39 |       ||    39
         Dagger            |    11 |     8 ||    19
         Kick              |     2 |     4 ||     6
   Cast: Sandblast         |    47 |    41 ||    88
         Stone Arrow       |       |     1 ||     1
         Passwall          |       |     1 ||     1
    Use: Scroll            |     2 |       ||     2
   Stab: Sleeping          |     1 |       ||     1
 Armour: Robe              |    12 |       ||    12
         Troll leather arm |     6 |     5 ||    11
  Dodge: Dodged            |    46 |    17 ||    63

Table legend: (Time is in decaauts)
 A = Elapsed time spent in this place.
 B = Non-inter-level travel time spent in this place.
 C = Inter-level travel time spent in this place.
 D = Time resting spent in this place.
 E = Time spent auto-exploring this place.
 F = Levels seen in this place.
 G = Mean time per level.
                   A        B        C        D        E       F      G
               +--------+--------+--------+--------+--------+-----+--------+
         Total |   2745 |   2535 |    210 |      0 |   2083 |   4 |  686.2 |
       Dungeon |   2745 |   2535 |    210 |      0 |   2083 |   4 |  686.2 |
               +--------+--------+--------+--------+--------+-----+--------+

Top non-repeatable levels by time:
     D:2: 1137 daAuts
     D:1: 1057 daAuts
     D:3: 306 daAuts
     D:6: 244 daAuts
